 Dungeon Crawl Stone Soup version 0.29-a0-994-gc5c9f59d18 (webtiles) character file.

Game seed: 10762620635006772815

2 IdlyInterested the Magician (level 1, 0/13 HPs)
             Began as a Demonspawn Wanderer on Aug 3, 2022.
             Slain by a kobold
             ... wielding a +0 dagger
              (3 damage)
             ... on level 1 of the Dungeon.
             The game lasted 00:01:06 (28 turns).

IdlyInterested the Magician (Demonspawn Wanderer)     Turns: 28, Time: 00:01:06

Health: 0/13       AC:  2    Str: 10    XL:     1   Next: 33%
Magic:  0/3        EV: 10    Int: 17    God:
Gold:   0          SH:  3    Dex: 10    Spells: 3/4 levels left

rFire   . . .      SeeInvis .   a - +0 club
rCold   . . .      Faith    .   d - +0 buckler
rNeg    . . .      Spirit   .   c - +0 robe
rPois   .          Reflect  .   (no helmet)
rElec   .          Harm     .   (no cloak)
rCorr   .          Rampage  .   (no gloves)
Will    .....                   (no boots)
Stlth   +.........              (no amulet)
HPRegen 0.04/turn               (no ring)
MPRegen 0.08/turn               (no ring)

@: no status effects
A: no striking features
a: no special abilities


You were on level 1 of the Dungeon.
You visited 1 branch of the dungeon, and saw 1 of its levels.

Inventory:

Hand Weapons
 a - a +0 club (weapon)
Armour
 c - a +0 robe (worn)
 d - a +0 buckler (worn)
Scrolls
 b - a scroll of blinking


   Skills:
 + Level 0.2 Fighting
 - Level 1.0 Armour
 + Level 0.1 Dodging
 - Level 1.0 Stealth
 - Level 1.7 Shields
 - Level 2.0 Spellcasting
 * Level 1.9 Ice Magic
 - Level 1.7 Air Magic


You had 3 spell levels left.
You knew the following spells:

 Your Spells              Type           Power      Damage    Failure   Level
a - Freeze                Ice            32%        1d5       12%         1

Your spell library contained the following spells:

 Spells                   Type           Power      Damage    Failure   Level
 Poisonous Vapours        Pois/Air       8%         N/A       26%         2
 Static Discharge         Conj/Air       4%         3-4/arc   26%         2
 Hailstorm                Conj/Ice       4%         3d4       86%         4
 Summon Ice Beast         Ice/Summ       4%         N/A       86%         4


Dungeon Overview and Level Annotations

Branches:
Dungeon (1/15)

Altars:


Message History

Aim: a hobgoblin You miscast Freeze.
You are very lightly contaminated with residual magic.
Nothing appears to happen.
The hobgoblin hits you.
Aiming: Freeze (safe; 12% risk of failure)
Press: ? - help, Q - select action Shift-Dir - straight line, f/p - hobgoblin
Aim: a hobgoblin You freeze the hobgoblin.
The hobgoblin is moderately wounded.
The hobgoblin barely misses you.
Aiming: Freeze (safe; 12% risk of failure)
Press: ? - help, Q - select action Shift-Dir - straight line, f/p - hobgoblin
Aim: a hobgoblin (moderately wounded)
You freeze the hobgoblin.
You kill the hobgoblin!
Unknown command.
You closely miss the kobold. The kobold hits you but does no damage.
You barely miss the kobold. The kobold hits you but does no damage.
You hit the kobold but do no damage. The kobold misses you.
The kobold barely misses you.
Your magical contamination has completely faded away.
You barely miss the kobold. You block the kobold's attack.
You closely miss the kobold.
A kobold comes into view. It is wielding a +0 dagger.
The kobold closely misses you.
You barely miss the kobold. The kobold hits you with a +0 club. x2
You barely miss the kobold. The kobold closely misses you.
You hit the kobold but do no damage. The kobold hits you but does no damage.
Aiming: Freeze (safe; 12% risk of failure)
Press: ? - help, Q - select action Shift-Dir - straight line, f - kobold
Aim: a kobold, wielding a +0 club and quivering stones You freeze the kobold.
You kill the kobold!
Unknown command.
You barely miss the kobold. The kobold hits you with a +0 dagger.
* * * LOW HITPOINT WARNING * * *
The kobold barely misses you.
You closely miss the kobold. The kobold hits you with a +0 dagger.
You die...

###### #....#
###..#.# #.'..<.#
. #.#..#.# ...
#.#....#
.....####.#######
.......K@........
.......#######.##
......# ......
..... ..... ....
###.


You could see a kobold.

Vanquished Creatures
  A hobgoblin (D:1)
  A kobold (D:1)
2 creatures vanquished.

Notes
Turn   | Place    | Note
-------+----------+-------------------------------------------
     0 | D:1      | IdlyInterested the Demonspawn Wanderer began the quest for
                  | the Orb.
     0 | D:1      | IdlyInterested set off with the following items: a +0 club,
                  | a scroll of blinking, a +0 robe, a +0 buckler; and the
                  | following spell memorised: Freeze; and the following spells
                  | available to memorise: Poisonous Vapours, Static Discharge,
                  | Hailstorm, Summon Ice Beast.
     0 | D:1      | Reached XP level 1. HP: 13/13 MP: 3/3
    28 | D:1      | Slain by a kobold

Illustrated notes

Levels and vault maps discovered:
D:1:      dpeg_arrival_renting, layout_rooms

Action                   || total
-------------------------++-------
Melee: Club              ||    10
 Cast: Freeze            ||     3
Armor: Robe              ||     3
Dodge: Dodged            ||     6
Block: Buckler           ||     1

Table legend: (Time is in decaauts)
 A = Elapsed time spent in this place.
 B = Non-inter-level travel time spent in this place.
 C = Inter-level travel time spent in this place.
 D = Time resting spent in this place.
 E = Time spent auto-exploring this place.
 F = Levels seen in this place.
 G = Mean time per level.
                   A        B        C        D        E       F      G
               +--------+--------+--------+--------+--------+-----+--------+
         Total |     31 |     31 |      0 |      0 |     10 |   1 |   31.0 |
       Dungeon |     31 |     31 |      0 |      0 |     10 |   1 |   31.0 |
               +--------+--------+--------+--------+--------+-----+--------+

Top non-repeatable levels by time:
     D:1: 31 daAuts
